NYP
HILLSBORO HOPS @ SALEM-KEIZER VOLCANOES
04/14/2048
 
TOP OF THE 1ST
Hillsboro Hops batting - Pitching for Salem-Keizer Volcanoes : RHP Carlos Solis
Pitching: RHP Carlos Solis
Batting: RHB Yutaka Oki 0-0: Ball
1-0: Reached on error, E5 (Groundball, 25, EV 81.2 MPH)
Batting: RHB Daniel Rivera 0-0: Called Strike
0-1: 2-RUN HOME RUN (Flyball, 9LD, EV 91.9 MPH), Distance : 347 ft
Batting: RHB Terry Jarrells 0-0: Called Strike
0-1: Ball
1-1: Swinging Strike
1-2: Strikes out swinging
Batting: RHB Tim Borden 0-0: Called Strike
0-1: Foul Ball, location: 2F
0-2: Ball
1-2: Ball
2-2: Ball
3-2: Foul Ball, location: 2F
3-2: DOUBLE (Line Drive, 78M, EV 95.0 MPH)
Batting: LHB Franklin Quezada 0-0: Foul Ball, location: 2F
0-1: Ball
Passed Ball!
Tim Borden to third
1-1: Ball
2-1: Fly out, F6 (Flyball, 56D, EV 84.4 MPH)
Batting: RHB Cesar Rendon 0-0: Called Strike
0-1: Ball
1-1: Foul Ball, location: 2F
1-2: Ball
Wild Pitch!
Tim Borden scores
2-2: Ball
3-2: Base on Balls
Batting: RHB Jonathan Underhill 0-0: Ball
Wild Pitch!
Cesar Rendon to second
1-0: Called Strike
1-1: Ball
Wild Pitch!
Cesar Rendon to third
2-1: Ball
3-1: Base on Balls
Batting: RHB John Ricketts 0-0: Called Strike
0-1: Swinging Strike
0-2: Strikes out swinging
Top of the 1st over - 3 runs, 2 hits, 1 error, 2 left on base; Hillsboro 3 - Salem-Keizer 0
BOTTOM OF THE 1ST
Salem-Keizer Volcanoes batting - Pitching for Hillsboro Hops : RHP Andrew Yoder
Pitching: RHP Andrew Yoder
Batting: RHB Soichi Kaneshiro 0-0: Foul Ball, location: 2F
0-1: Ball
1-1: Called Strike
1-2: Strikes out swinging
Batting: SHB Michael Woodard 0-0: Called Strike
0-1: Called Strike
0-2: Foul Ball, location: 2F
0-2: Foul Ball, location: 2F
0-2: Strikes out looking
Batting: LHB Kuan Hsia 0-0: Ball
1-0: Ball
2-0: Foul Ball, location: 2F
2-1: Fly out, F3 (Line Drive, 3L, EV 66.9 MPH)
Bottom of the 1st over - 0 runs, 0 hits, 0 errors, 0 left on base; Hillsboro 3 - Salem-Keizer 0
TOP OF THE 2ND
Hillsboro Hops batting - Pitching for Salem-Keizer Volcanoes : RHP Carlos Solis
Batting: LHB Josh Kirk 0-0: Ground out 5-3 (Groundball, 5L, EV 89.4 MPH)
Batting: RHB Yutaka Oki 0-0: Foul Ball, location: 2F
0-1: Fly out, F4 (Popup, 4, EV 54.4 MPH)
Batting: RHB Daniel Rivera 0-0: Ball
1-0: Ball
2-0: Called Strike
2-1: Foul Ball, location: 2F
2-2: Ball
3-2: Base on Balls
Batting: RHB Terry Jarrells 0-0: Ball
1-0: Called Strike
1-1: 2-RUN HOME RUN (Flyball, 7LD, EV 92.5 MPH), Distance : 364 ft
Batting: RHB Tim Borden 0-0: Foul Ball, location: 2F
0-1: Swinging Strike
0-2: DOUBLE (Line Drive, 89D, EV 103.8 MPH)
Pitching: RHP James Jenkins
Batting: LHB Franklin Quezada 0-0: Fly out, F8 (Flyball, 8RXD, EV 96.2 MPH)
Top of the 2nd over - 2 runs, 2 hits, 0 errors, 1 left on base; Hillsboro 5 - Salem-Keizer 0
BOTTOM OF THE 2ND
Salem-Keizer Volcanoes batting - Pitching for Hillsboro Hops : RHP Andrew Yoder
Batting: LHB Adrian Navarro 0-0: Swinging Strike
0-1: Ball
1-1: Called Strike
1-2: Ball
2-2: Ball
3-2: Strikes out looking
Batting: RHB Ricky Aguilar 0-0: Foul Ball, location: 2F
0-1: Called Strike
0-2: Strikes out swinging
Batting: RHB Glen Limeburner 0-0: SINGLE (Line Drive, 8LS, EV 94.4 MPH)
Batting: RHB Eddie Ramirez 0-0: Called Strike
0-1: Foul Ball, location: 2F
0-2: Ball
1-2: Foul Ball, location: 2F
1-2: Strikes out swinging
Bottom of the 2nd over - 0 runs, 1 hit, 0 errors, 1 left on base; Hillsboro 5 - Salem-Keizer 0
TOP OF THE 3RD
Hillsboro Hops batting - Pitching for Salem-Keizer Volcanoes : RHP James Jenkins
Batting: RHB Cesar Rendon 0-0: Ground out 4-3 (Groundball, 4, EV 86.2 MPH)
Batting: RHB Jonathan Underhill 0-0: Ball
1-0: Swinging Strike
1-1: Foul Ball, location: 2F
1-2: SOLO HOME RUN (Line Drive, 7LD, EV 105.6 MPH), Distance : 390 ft
Batting: RHB John Ricketts 0-0: Ball
1-0: Ball
2-0: Called Strike
2-1: Ball
3-1: Called Strike
3-2: Strikes out looking
Batting: LHB Josh Kirk 0-0: Ball
1-0: Ball
2-0: Called Strike
2-1: Called Strike
2-2: Strikes out swinging
Top of the 3rd over - 1 run, 1 hit, 0 errors, 0 left on base; Hillsboro 6 - Salem-Keizer 0
BOTTOM OF THE 3RD
Salem-Keizer Volcanoes batting - Pitching for Hillsboro Hops : RHP Andrew Yoder
Batting: RHB Kevin Spencer 0-0: Ball
1-0: Ball
2-0: Ball
3-0: Called Strike
3-1: Foul Ball, location: 2F
3-2: Strikes out swinging
Batting: SHB Justin Tidwell 0-0: Ball
1-0: Reached on error, E4 (Groundball, 4S, EV 91.2 MPH)
Batting: RHB Soichi Kaneshiro 0-0: Called Strike
0-1: Ball
1-1: Ball
2-1: Ball
3-1: Base on Balls
Batting: SHB Michael Woodard 0-0: Fly out, F8 (Line Drive, 8RD, EV 101.2 MPH)
Batting: LHB Kuan Hsia 0-0: Called Strike
0-1: DOUBLE (Flyball, 89D, EV 100.0 MPH)
Justin Tidwell scores
Soichi Kaneshiro to third
Runner from 3rd tries for Home, SAFE, throw by CF to trailing runner, SAFE at third!
Batting: LHB Adrian Navarro 0-0: Ball
1-0: Foul Ball, location: 2F
1-1: Swinging Strike
1-2: Strikes out looking
Bottom of the 3rd over - 2 runs, 1 hit, 1 error, 1 left on base; Hillsboro 6 - Salem-Keizer 2
TOP OF THE 4TH
Hillsboro Hops batting - Pitching for Salem-Keizer Volcanoes : RHP James Jenkins
Batting: RHB Yutaka Oki 0-0: Ball
1-0: Ground out 4-3 (Groundball, 4, EV 83.1 MPH)
Pitching: RHP Edward Jones
Batting: RHB Daniel Rivera 0-0: Ball
1-0: Foul Ball, location: 2F
1-1: Ball
2-1: Foul Ball, location: 2F
2-2: DOUBLE (Groundball, 5L, EV 108.1 MPH)
Batting: RHB Terry Jarrells 0-0: Called Strike
Daniel Rivera steals 3rd base
0-1: Ball
Passed Ball!
Daniel Rivera scores
1-1: Foul Ball, location: 2F
1-2: Ball
2-2: Strikes out looking
Batting: RHB Tim Borden 0-0: Ball
1-0: Ball
2-0: Ball
3-0: Called Strike
3-1: Base on Balls
Batting: LHB Franklin Quezada 0-0: Ball
1-0: Ball
2-0: Foul Ball, location: 2F
2-1: Ball
Passed Ball!
Tim Borden to second
3-1: Base on Balls
Batting: RHB Cesar Rendon 0-0: Ball
Wild Pitch!
Tim Borden to third
Franklin Quezada to second
1-0: Ball
Wild Pitch!
Tim Borden scores
Franklin Quezada to third
2-0: Foul Ball, location: 2F
2-1: SINGLE (Flyball, 78S, EV 84.4 MPH)
Franklin Quezada scores
Batting: RHB Jonathan Underhill 0-0: Ball
1-0: Ball
Passed Ball!
Cesar Rendon to second
2-0: Ball
3-0: Base on Balls
Batting: RHB John Ricketts 0-0: Ball
Passed Ball!
Cesar Rendon to third
Jonathan Underhill to second
1-0: Called Strike
1-1: Hit by Pitch
Batting: LHB Josh Kirk 0-0: Ball
Passed Ball!
Cesar Rendon scores
Jonathan Underhill to third
John Ricketts to second
1-0: Ball
Passed Ball!
Jonathan Underhill scores
John Ricketts to third
2-0: Foul Ball, location: 2F
2-1: Ground out 3-1 (Groundball, 34, EV 103.1 MPH)
Top of the 4th over - 5 runs, 2 hits, 0 errors, 1 left on base; Hillsboro 11 - Salem-Keizer 2
BOTTOM OF THE 4TH
Salem-Keizer Volcanoes batting - Pitching for Hillsboro Hops : RHP Andrew Yoder
Batting: RHB Ricky Aguilar 0-0: Called Strike
0-1: Ground out 1-3 (Groundball, 15S, EV 69.4 MPH)
Batting: RHB Glen Limeburner 0-0: Ball
1-0: Foul Ball, location: 2F
1-1: Swinging Strike
1-2: Ball
2-2: Ball
3-2: Strikes out looking
Batting: RHB Eddie Ramirez 0-0: Swinging Strike
0-1: Swinging Strike
0-2: Foul Ball, location: 2F
0-2: Ball
1-2: Strikes out looking
Bottom of the 4th over - 0 runs, 0 hits, 0 errors, 0 left on base; Hillsboro 11 - Salem-Keizer 2
TOP OF THE 5TH
Hillsboro Hops batting - Pitching for Salem-Keizer Volcanoes : RHP Edward Jones
Batting: RHB Yutaka Oki 0-0: Foul Ball, location: 2F
0-1: Ball
1-1: Ball
2-1: Foul Ball, location: 2F
2-2: Foul Ball, location: 2F
2-2: Ball
3-2: Base on Balls
Batting: RHB Daniel Rivera 0-0: Ball
Passed Ball!
Yutaka Oki to second
1-0: Foul Ball, location: 2F
1-1: Ball
2-1: Ball
3-1: Swinging Strike
3-2: Base on Balls
Batting: RHB Terry Jarrells 0-0: Called Strike
0-1: Ball
Wild Pitch!
Yutaka Oki to third
Daniel Rivera to second
1-1: SINGLE (Groundball, 6MD, EV 98.8 MPH)
Yutaka Oki scores
Daniel Rivera to third
Pitching: RHP Wally Dethridge
Batting: RHB Tim Borden 0-0: Ball
Passed Ball!
Daniel Rivera scores
Terry Jarrells to second
1-0: Ground out 6-3 (Groundball, 56, EV 86.2 MPH)
Batting: LHB Franklin Quezada 0-0: Ball
1-0: Swinging Strike
1-1: Ball
2-1: Ground out 6-3 (Groundball, 6, EV 87.5 MPH)
Terry Jarrells to third
Batting: RHB Cesar Rendon 0-0: Ball
Passed Ball!
Terry Jarrells scores
1-0: Ball
2-0: Ball
3-0: Called Strike
3-1: Foul Ball, location: 2F
3-2: Strikes out looking
Top of the 5th over - 3 runs, 1 hit, 0 errors, 0 left on base; Hillsboro 14 - Salem-Keizer 2
BOTTOM OF THE 5TH
Salem-Keizer Volcanoes batting - Pitching for Hillsboro Hops : RHP Andrew Yoder
Batting: RHB Kevin Spencer 0-0: Called Strike
0-1: Ball
1-1: Foul Ball, location: 2F
1-2: Foul Ball, location: 2F
1-2: Hit by Pitch
Batting: SHB Justin Tidwell 0-0: Ball
1-0: Sac Bunt to 2L - play at first, batter OUT! 2-4
Kevin Spencer to second
Batting: RHB Soichi Kaneshiro 0-0: Called Strike
0-1: Hit by Pitch
Batting: SHB Michael Woodard 0-0: Fielders Choice at 2nd, 1-6 (Groundball, 34S, EV 70.0 MPH)
Kevin Spencer to third
Batting: LHB Kuan Hsia 0-0: Ball
1-0: Called Strike
1-1: Foul Ball, location: 2F
1-2: Foul Ball, location: 2F
1-2: Ball
2-2: Strikes out looking
Bottom of the 5th over - 0 runs, 0 hits, 0 errors, 2 left on base; Hillsboro 14 - Salem-Keizer 2
TOP OF THE 6TH
Hillsboro Hops batting - Pitching for Salem-Keizer Volcanoes : RHP Wally Dethridge
Batting: RHB Jonathan Underhill 0-0: Called Strike
0-1: Ball
1-1: Foul Ball, location: 2F
1-2: Ball
2-2: Foul Ball, location: 2F
2-2: Ball
3-2: Base on Balls
Batting: RHB John Ricketts 0-0: Ball
Passed Ball!
Jonathan Underhill to second
1-0: Ball
Passed Ball!
Jonathan Underhill to third
2-0: Ball
Passed Ball!
Jonathan Underhill scores
3-0: Base on Balls
Batting: LHB Josh Kirk 0-0: Called Strike
0-1: Ball
Wild Pitch!
John Ricketts to second
1-1: Ball
Passed Ball!
John Ricketts to third
2-1: Called Strike
2-2: Foul Ball, location: 2F
2-2: Strikes out swinging
Pitching: RHP Danny Estrada
Batting: RHB Yutaka Oki 0-0: Fly out, F7 (Flyball, 7LS, EV 95.6 MPH)
Batting: RHB Daniel Rivera 0-0: Called Strike
0-1: Ball
Passed Ball!
John Ricketts scores
1-1: Foul Ball, location: 2F
1-2: Strikes out swinging
Top of the 6th over - 2 runs, 0 hits, 0 errors, 0 left on base; Hillsboro 16 - Salem-Keizer 2
BOTTOM OF THE 6TH
Salem-Keizer Volcanoes batting - Pitching for Hillsboro Hops : RHP Andrew Yoder
Batting: LHB Adrian Navarro 0-0: Ball
1-0: Called Strike
1-1: Foul Ball, location: 2F
1-2: Ball
2-2: Foul Ball, location: 2F
2-2: Foul Ball, location: 2F
2-2: Strikes out swinging
Batting: RHB Ricky Aguilar 0-0: Ground out 4-3 (Groundball, 13, EV 89.4 MPH)
Batting: RHB Glen Limeburner 0-0: Foul Ball, location: 2F
0-1: Foul Ball, location: 2F
0-2: Strikes out looking
Bottom of the 6th over - 0 runs, 0 hits, 0 errors, 0 left on base; Hillsboro 16 - Salem-Keizer 2
TOP OF THE 7TH
Hillsboro Hops batting - Pitching for Salem-Keizer Volcanoes : RHP Danny Estrada
Batting: RHB Terry Jarrells 0-0: Ball
1-0: Swinging Strike
1-1: Swinging Strike
1-2: Fly out, F8 (Flyball, 8RXD, EV 80.0 MPH)
Pinch Hitting: RHB Orlando Florez 0-0: DOUBLE (Groundball, 5L, EV 106.2 MPH)
Pinch Hitting: SHB Ethan Newby 0-0: Ball
Passed Ball!
Orlando Florez to third
1-0: Ball
2-0: Ball
3-0: Base on Balls
Batting: RHB Cesar Rendon 0-0: Ball
Passed Ball!
Orlando Florez scores
Ethan Newby to second
1-0: Called Strike
1-1: Called Strike
1-2: Ball
2-2: Ball
Passed Ball!
Ethan Newby to third
3-2: Base on Balls
Pitching: LHP Ken Cromsie
Batting: RHB Jonathan Underhill 0-0: Ball
1-0: Ball
2-0: Foul Ball, location: 2F
2-1: Foul Ball, location: 2F
2-2: Ball
3-2: Foul Ball, location: 2F
3-2: Foul Ball, location: 2F
3-2: SINGLE (Groundball, 6MD, EV 103.8 MPH) (infield hit)
Ethan Newby scores
Cesar Rendon to second
Batting: RHB John Ricketts 0-0: SINGLE (Groundball, 56S, EV 95.6 MPH)
Cesar Rendon to third
Jonathan Underhill to second
Runner from 3rd tries for Home, SAFE, throw by LF to home
Batting: LHB Josh Kirk 0-0: Ball
1-0: Fly out, F8 (Flyball, 8RM, EV 94.4 MPH)
Batting: RHB Yutaka Oki 0-0: Ball
1-0: Ball
2-0: Ball
3-0: Base on Balls
Jonathan Underhill to third
John Ricketts to second
Batting: RHB Daniel Rivera 0-0: Called Strike
0-1: Ball
Passed Ball!
Jonathan Underhill scores
John Ricketts to third
Yutaka Oki to second
1-1: Foul Ball, location: 2F
1-2: Foul Ball, location: 2F
1-2: Foul Ball, location: 2F
1-2: Ball
2-2: Fly out, F9 (Flyball, 9, EV 96.9 MPH)
Top of the 7th over - 4 runs, 3 hits, 0 errors, 2 left on base; Hillsboro 20 - Salem-Keizer 2
BOTTOM OF THE 7TH
Salem-Keizer Volcanoes batting - Pitching for Hillsboro Hops : RHP Andrew Yoder
Now at 1B: Orlando Florez
Now in LF: Chris McGrath
Now in RF: Yutaka Oki
Batting: RHB Eddie Ramirez 0-0: Ball
1-0: Called Strike
1-1: Foul Ball, location: 2F
1-2: Ground out 6-3 (Groundball, 6S, EV 68.8 MPH)
Batting: RHB Kevin Spencer 0-0: Foul Ball, location: 2F
0-1: Ball
1-1: Called Strike
1-2: Strikes out swinging
Batting: SHB Justin Tidwell 0-0: Swinging Strike
0-1: Ball
1-1: Swinging Strike
1-2: Strikes out looking
Bottom of the 7th over - 0 runs, 0 hits, 0 errors, 0 left on base; Hillsboro 20 - Salem-Keizer 2
TOP OF THE 8TH
Hillsboro Hops batting - Pitching for Salem-Keizer Volcanoes : LHP Ken Cromsie
Batting: RHB Terry Jarrells 0-0: Swinging Strike
0-1: SINGLE (Line Drive, 89S, EV 100.0 MPH)
Batting: RHB Orlando Florez 0-0: Ball
1-0: Foul Ball, location: 2F
1-1: 2-RUN HOME RUN (Flyball, 7D, EV 98.8 MPH), Distance : 392 ft
Batting: RHB Chris McGrath 0-0: Foul Ball, location: 2F
0-1: Foul Ball, location: 2F
0-2: SOLO HOME RUN (Flyball, 9D, EV 99.4 MPH), Distance : 380 ft
Batting: RHB Cesar Rendon 0-0: Ball
1-0: Foul Ball, location: 2F
1-1: Ground out 6-3 (Groundball, 56, EV 85.0 MPH)
Batting: RHB Jonathan Underhill 0-0: Ball
1-0: Ball
2-0: Ball
3-0: Base on Balls
Batting: RHB John Ricketts 0-0: Ball
Passed Ball!
Jonathan Underhill to second
1-0: Called Strike
1-1: Ball
2-1: Swinging Strike
2-2: Foul Ball, location: 2F
2-2: Foul Ball, location: 2F
2-2: Ball
Passed Ball!
Jonathan Underhill to third
3-2: Foul Ball, location: 2F
3-2: Strikes out swinging
Batting: LHB Josh Kirk 0-0: Called Strike
0-1: Foul Ball, location: 2F
0-2: Strikes out swinging
Top of the 8th over - 3 runs, 3 hits, 0 errors, 1 left on base; Hillsboro 23 - Salem-Keizer 2
BOTTOM OF THE 8TH
Salem-Keizer Volcanoes batting - Pitching for Hillsboro Hops : RHP Andrew Yoder
Batting: RHB Soichi Kaneshiro 0-0: SINGLE (Line Drive, 56, EV 109.4 MPH)
Pitching: RHP Justin Gasper
Batting: SHB Michael Woodard 0-0: Grounds into double play, 4-6-3 (Groundball, 34D, EV 100.6 MPH)
Batting: LHB Kuan Hsia 0-0: Ground out 6-3 (Groundball, 6, EV 78.8 MPH)
Bottom of the 8th over - 0 runs, 1 hit, 0 errors, 0 left on base; Hillsboro 23 - Salem-Keizer 2
TOP OF THE 9TH
Hillsboro Hops batting - Pitching for Salem-Keizer Volcanoes : LHP Ken Cromsie
Batting: RHB Yutaka Oki 0-0: Called Strike
0-1: SINGLE (Groundball, 4M, EV 103.8 MPH) (infield hit)
Batting: RHB Daniel Rivera 0-0: Called Strike
0-1: Foul Ball, location: 2F
0-2: Ball
1-2: Foul Ball, location: 2F
1-2: SINGLE (Groundball, 56, EV 105.6 MPH)
Yutaka Oki to second
Batting: RHB Terry Jarrells 0-0: Ball
1-0: Called Strike
1-1: Ball
Passed Ball!
Yutaka Oki to third
Daniel Rivera to second
2-1: Ball
3-1: Fly out, F7 (Flyball, 7, EV 88.1 MPH)
Runner from 3rd tags up, OUT at HOME! 7-2
Daniel Rivera to third
Batting: RHB Orlando Florez 0-0: Called Strike
0-1: Ball
1-1: Ball
2-1: Ball
3-1: Called Strike
3-2: DOUBLE (Flyball, 78D, EV 105.0 MPH)
Daniel Rivera scores
Batting: RHB Chris McGrath 0-0: Foul Ball, location: 2F
0-1: Ball
Passed Ball!
Orlando Florez to third
1-1: Ball
Wild Pitch!
Orlando Florez scores
2-1: Ball
3-1: Base on Balls
Batting: RHB Cesar Rendon 0-0: Ball
Passed Ball!
Chris McGrath to second
1-0: Called Strike
1-1: Foul Ball, location: 2F
1-2: Ball
2-2: Strikes out swinging
Top of the 9th over - 2 runs, 3 hits, 0 errors, 1 left on base; Hillsboro 25 - Salem-Keizer 2
BOTTOM OF THE 9TH
Salem-Keizer Volcanoes batting - Pitching for Hillsboro Hops : RHP Justin Gasper
Batting: LHB Adrian Navarro 0-0: Ball
1-0: Ball
2-0: Ball
3-0: Base on Balls
Batting: RHB Ricky Aguilar 0-0: SINGLE (Line Drive, 9S, EV 94.4 MPH)
Adrian Navarro to second
Batting: RHB Glen Limeburner 0-0: Ball
1-0: Fly out, F5 (Line Drive, 5L, EV 68.8 MPH)
Batting: RHB Eddie Ramirez 0-0: Ball
1-0: Called Strike
1-1: Called Strike
1-2: Strikes out swinging
Batting: RHB Kevin Spencer 0-0: Swinging Strike
0-1: Swinging Strike
0-2: Ball
1-2: Ball
2-2: Strikes out swinging
Bottom of the 9th over - 0 runs, 1 hit, 0 errors, 2 left on base; Hillsboro 25 - Salem-Keizer 2
Tuesday, March 28th , 2023 - OOTP Baseball 23.10 Build 110